Map: 地龙岛-天梯版

Players

Mana

  • Race: Protoss Protoss
  • Spawn Location: 5:00

Cyan - Winner!

  • Race: Protoss Protoss
  • Spawn Location: 11:00

Event: WCS Montreal 2018

VOD

Have the link to the VOD?

Description

Time

  • Played on: Sept. 7, 2018, 6:30 p.m.
  • Length: 12:56

All games in this series

Show
View Real Time Build Order
Export as new Build Order

Mana Protoss 

Build Orders:  

Get SALT Encoding   

  12  0:00  Probe  
  13  0:12  Probe  
  14  0:19  Pylon  
  14  0:24  Probe  
  15  0:33  Probe  
  15  0:38  Gateway  
  15  0:41  Probe  
  16  0:47  Assimilator  
  17  0:51  Probe  
  17  0:55  Assimilator  
  18  0:59  Probe  
  19  1:06  Gateway  
  19  1:07  Probe  
  20  1:18  Probe  
  20  1:25  Cybernetics Core  
  21  1:30  Probe  
  22  1:33  Pylon  
  22  1:42  Probe  
  23  1:54  Probe  
  24  2:01  Stalker  
  24  2:02  Warp Gate, Sentry  
  24  2:07  Probe  
  29  2:11  Pylon  
  29  2:28  Stalker  
  31  2:31  Stalker  
  33  2:49  Nexus  
  33  2:55  Shield Battery  
  33  3:02  Pylon  
  34  3:14  Stalker  
  34  3:16  Stalker  
  34  3:19  Probe  
  38  3:24  Pylon  
  38  3:31  Probe  
  37  3:40  Twilight Council  
  37  3:43  Probe  
  37  3:48  Shield Battery  
  38  3:55  Probe  
  39  4:07  Probe  
  36  4:10  Adept  
  36  4:12  Adept  
  36  4:14  Probe  
  42  4:28  Probe  
  42  4:29  Robotics Facility  
  41  4:34  Probe  
  41  4:36  Probe  
  43  4:42  Probe  
  44  4:46  Sentry  
  44  4:47  Sentry  
  45  5:03  Probe  
  46  5:07  Probe  
  46  5:09  Blink, Observer  
  45  5:16  Probe  
  45  5:19  Probe  
  47  5:28  Probe  
  48  5:31  Probe  
  49  5:38  Robotics Bay  
  49  5:40  Probe x2  
  50  5:48  Probe  
  50  5:49  Observer  
  52  5:52  Pylon, Probe  
  54  6:03  Pylon  
  54  6:10  Probe x2  
  54  6:11  Stalker x2  
  60  6:16  Pylon  
  60  6:20  Assimilator  
  60  6:23  Probe x2  
  60  6:24  Assimilator  
  60  6:25  Disruptor  
  62  6:32  Observer  
  61  6:39  Probe x2  
  61  6:48  Probe  
  61  6:51  Probe  
  61  6:53  Disruptor  
  63  6:56  Probe  
  66  7:03  Probe  
  66  7:07  Gateway  
  66  7:08  Gateway, Probe  
  68  7:15  Probe  
  68  7:18  Stalker  
  68  7:19  Disruptor  
  68  7:20  Probe  
  72  7:29  Pylon  
  75  7:39  Stalker  
  77  7:45  Shield Battery  
  77  7:47  Probe x2  
  77  7:48  Gateway  
  79  7:56  Observer  
  79  7:57  Robotics Facility  
  80  8:04  Stalker  
  82  8:06  Stalker  
  86  8:19  Pylon  
  84  8:22  Pylon  
  84  8:31  Disruptor  
  84  8:37  Disruptor  
  87  8:41  Stalker x4  
  87  8:47  Observer  
  98  8:54  Pylon  
  98  9:05  Nexus  
  98  9:13  Probe x2  
  103  9:25  Disruptor  
  103  9:41  Disruptor  
  103  9:42  Pylon  
  102  9:48  Pylon  
  102  9:55  Warp Prism  
  102  9:59  Pylon  
  102  10:06  Stalker  
  102  10:07  Stalker x2  
  108  10:08  Pylon  
  108  10:12  Pylon  
  113  10:29  Probe x2  
  113  10:32  Disruptor  
  118  10:37  Zealot x2  
  118  10:49  Stalker x2  
  86  11:19  Stalker x5  
  73  11:46  Stalker x3  
  76  11:54  Stalker  
  76  11:58  Disruptor  
  79  12:24  Stalker x3  
  79  12:27  Observer  
Show
View Real Time Build Order
Export as new Build Order

Cyan Protoss - Winner!

Build Orders: Archon Immortal, Zealot Archon, Dark Templar Rush 

Get SALT Encoding   

  12  0:00  Probe  
  13  0:12  Probe  
  14  0:17  Pylon  
  14  0:24  Probe  
  15  0:32  Probe  
  15  0:37  Gateway  
  15  0:40  Probe  
  16  0:46  Assimilator  
  17  0:50  Probe  
  17  0:53  Assimilator  
  18  0:58  Probe  
  19  1:06  Probe  
  20  1:13  Gateway  
  20  1:17  Probe  
  20  1:24  Cybernetics Core  
  21  1:29  Probe  
  22  1:33  Pylon  
  22  1:41  Probe  
  23  1:52  Warp Gate  
  23  1:53  Probe  
  24  2:01  Adept x2  
  28  2:10  Pylon  
  28  2:24  Twilight Council  
  28  2:28  Adept x2  
  32  2:55  Adept x2  
  36  3:05  Dark Shrine  
  36  3:16  Nexus  
  36  3:32  Pylon  
  34  3:37  Robotics Facility  
  32  3:41  Shield Battery  
  32  3:49  Shield Battery  
  32  3:56  Stalker  
  26  4:10  Probe  
  27  4:18  Dark Templar  
  27  4:19  Dark Templar  
  27  4:21  Probe  
  27  4:24  Observer  
  33  4:25  Probe  
  33  4:29  Probe  
  34  4:33  Probe  
  34  4:34  Blink  
  34  4:37  Probe  
  36  4:42  Probe  
  38  4:48  Probe  
  39  4:53  Pylon  
  39  4:55  Probe  
  39  4:57  Adept  
  41  5:03  Adept  
  41  5:08  Probe x2  
  41  5:10  Warp Prism  
  43  5:20  Probe  
  46  5:27  Probe  
  47  5:32  Probe  
  47  5:34  Pylon  
  48  5:39  Probe  
  48  5:40  Immortal  
  49  5:44  Probe  
  54  5:51  Probe  
  54  5:54  Forge  
  54  5:56  Pylon, Probe  
  56  6:04  Probe, Assimilator  
  57  6:08  Assimilator, Probe  
  57  6:10  Protoss Ground Weapons Level 1  
  58  6:15  Sentry x2  
  58  6:16  Probe  
  58  6:17  Pylon  
  63  6:20  Probe  
  64  6:28  Immortal, Probe  
  67  6:32  Probe  
  64  6:40  Probe  
  64  6:44  Gateway  
  64  6:46  Stalker  
  67  6:47  Gateway  
  67  6:51  Sentry  
  69  6:58  Charge  
  69  7:06  Gateway  
  69  7:07  Pylon  
  69  7:09  Gateway  
  69  7:10  Immortal  
  73  7:22  Dark Templar  
  75  7:33  Nexus  
  75  7:35  Archon  
  75  7:36  Pylon  
  75  7:43  Immortal  
  75  7:48  Gateway  
  79  7:53  Gateway  
  79  7:54  Protoss Ground Weapons Level 2  
  79  8:04  Dark Templar x2  
  83  8:08  Archon  
  83  8:17  Immortal  
  83  8:19  Probe x2  
  85  8:20  Stargate  
  89  8:31  Probe  
  90  8:34  Pylon, Probe  
  91  8:43  Probe  
  91  8:45  Probe  
  93  8:53  Stargate, Probe  
  94  8:55  Pylon, Probe  
  94  8:56  Shield Battery  
  95  9:03  Immortal  
  99  9:11  Stalker x2  
  99  9:14  Probe  
  104  9:18  Phoenix  
  104  9:22  Zealot x2  
  106  9:28  Zealot x3  
  108  9:39  Probe x2  
  108  9:40  Probe  
  108  9:41  Phoenix, Assimilator  
  108  9:45  Phoenix  
  109  9:47  Assimilator  
  109  9:49  Immortal  
  109  9:51  Probe  
  109  9:52  Pylon  
  114  10:05  Probe  
  114  10:06  Phoenix  
  117  10:10  Templar Archives, Pylon  
  117  10:14  Pylon  
  117  10:16  Phoenix  
  117  10:20  Immortal  
  119  10:22  Zealot x3  
  119  10:25  Pylon  
  128  10:36  Phoenix  
  128  10:39  Zealot x2  
  132  10:44  Zealot x2  
  130  10:50  Zealot  
  130  10:51  Zealot  
  130  10:56  Zealot  
  130  10:57  Zealot  
  136  11:03  Phoenix  
  132  11:06  Zealot x2  
  132  11:08  Zealot  
  132  11:10  High Templar  
  134  11:12  High Templar  
  132  11:20  Archon  
  132  11:25  Phoenix, Zealot x2  
  133  11:29  Phoenix  
  127  11:38  Zealot x4  
  131  11:44  Immortal  
  131  11:50  High Templar x2  
  133  11:54  Phoenix, Zealot x2  
  133  11:56  Archon  
  133  11:59  Zealot  
  133  12:00  Zealot  
  133  12:06  High Templar  
  133  12:07  High Templar  
  137  12:10  Archon  
  137  12:13  Immortal  
  133  12:28  Zealot x6  
  137  12:48  Nexus  
Tags
 
Add a new tag
Caveats
  • Supply blocks, unpowered buildings, or Contaminate may cause inaccurate times.
  • Supply counts are checked every 10 seconds.